 Dungeon Crawl Stone Soup version 0.29.0-15-g675c0067aa (webtiles) character file.

Game seed: 9226585999318942999

14360 qw the Severer (level 11, 0/104 HPs)
             Began as a Minotaur Berserker on Sept 12, 2022.
             Was an Elder of Trog.
             Succumbed to a black mamba's poison
             ... on level 2 of the Lair of Beasts.
             The game lasted 00:03:31 (10205 turns).

qw the Severer (Minotaur Berserker)                Turns: 10205, Time: 00:03:32

Health: 0/104      AC: 17    Str: 25    XL:     11   Next: 87%
Magic:  10/10      EV: 11    Int:  4    God:    Trog [****..]
Gold:   514        SH:  0    Dex: 11    Spells: 10/10 levels left

rFire   x . .      SeeInvis .   Y - +2 war axe
rCold   + + .      Faith    .   (no shield)
rNeg    + . .      Spirit   .   j - +0 ice dragon scales
rPois   .          Reflect  .   f - +2 hat
rElec   .          Harm     .   p - +0 cloak
rCorr   +          Rampage  .   (no gloves)
Will    .....                   d - +0 pair of boots
Stlth   ..........              i - amulet of regeneration
HPRegen 1.07/turn               c - ring of resist corrosion
MPRegen 0.12/turn               k - ring of positive energy

@: lethally poisoned (0 -> -7), frozen, on berserk cooldown, slowed, very slow
A: horns 2, retaliatory headbutt
a: Renounce Religion, Berserk, Trog's Hand, Brothers in Arms


You were on level 2 of the Lair of Beasts.
You worshipped Trog.
Trog was greatly pleased with you.
You visited 2 branches of the dungeon, and saw 10 of its levels.
You also visited: Ossuary.

You collected 514 gold pieces.


Innate Abilities, Weirdness & Mutations

You have a pair of horns on your head.
You reflexively headbutt those who attack you in melee.


   Skills:
 - Level 12.1 Fighting
 - Level 16.0 Axes
 - Level 5.0 Throwing
 + Level 9.7 Armour
 - Level 5.0 Dodging


You had 10 spell levels left.
You didn't know any spells.
Your spell library was empty.

Inventory:

Hand Weapons
 o - a +0 flail
 Y - a +2 war axe (weapon)
Missiles
 n - a boomerang
 s - 2 javelins (quivered)
Armour
 d - a +0 pair of boots (worn)
 f - a +2 hat (worn)
 j - +0 ice dragon scales (worn)
 m - a +0 chain mail
 p - a +0 cloak (worn)
Jewellery
 c - a ring of resist corrosion (left hand)
 e - a ring of positive energy
 i - an amulet of regeneration (around neck)
 k - a ring of positive energy (right hand)
Scrolls
 a - a scroll of identify
Potions
 b - a potion of might
 h - 3 potions of curing
 l - a potion of heal wounds {unknown}
 q - a potion of mutation

Dungeon Overview and Level Annotations

Branches:
Dungeon (8/15)             Temple (0/1) D:7            Lair (2/5) D:8
Ossuary (visited)
  Swamp: Lair:2-3    Shoals: Lair:2-3     Snake: Lair:2-3    Spider: Lair:2-3

Altars:

Annotations:
D:7 1 runed translucent door, Crazy Yiuf


Message History

You miss the killer bee. You headbutt the killer bee!
You kill the killer bee!
Trog accepts your kill.
You slash the yak! You miss the killer bee.
You feel sick.
The killer bee stings you but does no damage.
The yak gores you.
The killer bee stings you but does no damage.
You barely miss the yak.
The yak is moderately wounded.
You miss the killer bee.
You feel sick. The killer bee barely misses you. You furiously retaliate!
You headbutt the killer bee. The yak gores you but does no damage.
The killer bee stings you.
You slice the yak!!
The yak is almost dead.
You slash the killer bee!
You kill the killer bee!
Trog accepts your kill.
Your surroundings suddenly seem different.
A black mamba and a rime drake come into view.
Found 14 gold pieces.
You feel sick.
The black mamba hisses angrily.
Enter note: You feel sick.
You slash the rime drake! Your headbutt misses the rime drake.
You punch the rime drake, but do no damage.
The rime drake is moderately wounded.
You feel sick. The rime drake breathes ice at you.
The flash freeze hits you but does no damage.
You are encased in ice.
The black mamba bites you.
You are lethally poisoned!
The black mamba poisons you! The rime drake closely misses you.
You furiously retaliate!
You headbutt the rime drake. You hit the rime drake.
You headbutt the rime drake!
The rime drake is severely wounded.
You slash the black mamba!
You die...

.##..... ...
........
#... #P....#
.... ##....#
..## #......
.$..#
##....##....
#....S#k.#
#....@#
#.........#
#..........#
##.........#
#.........#
#.......###
##.....P#
##...###


You could see a black mamba and a rime drake (catching breath).

Vanquished Creatures
  A hydra (Lair:2)
  An ugly thing (D:7)
  An elephant (D:8)
  A cane toad (Lair:1)
  3 rime drakes
  3 komodo dragons (Lair:1)
  4 blink frogs
  23 yaks
  A shadow (D:8)
  A wraith (Ossuary)
  3 wyverns
  A vampire (D:7)
  3 basilisks
  2 steam dragons
  Edmund (D:4)
  4 water moccasins
  2 ice beasts
  4 sky beasts
  6 black bears
  A centaur (D:7)
  2 ogres
  A wolf (Lair:2)
  2 kobold brigands
  10 bullfrogs
  An elf zombie (Ossuary)
  3 necrophages
  4 scorpions
  29 killer bees
  2 howler monkeys
  2 jellies
  A hound (D:5)
  5 orc priests
  Jessica (D:3)
  4 iguanas
  Natasha (twice) (D:4)
  4 orc wizards
  3 mummies (Ossuary)
  6 adders
  A shadow imp (D:6)
  A white imp (D:6)
  2 ufetubi (D:4)
  4 dart slugs
  14 orcs
  2 bats
  4 endoplasms
  6 giant cockroaches
  9 goblins
  6 hobgoblins
  A quokka (D:1)
  8 ball pythons
  2 frilled lizards
  A gnoll zombie (Ossuary)
  4 goblin zombies (Ossuary)
  2 hobgoblin zombies (Ossuary)
  10 kobolds
  3 kobold zombies (Ossuary)
  An orc zombie (D:4)
  4 rats
233 creatures vanquished.

Vanquished Creatures (collateral kills)
  A torpor snail (Lair:2)
1 creature vanquished.

Vanquished Creatures (others)
  A yak (Lair:2)
  2 fungi (Lair:1)
  22 plants
25 creatures vanquished.

Grand Total: 259 creatures vanquished

Notes
Turn   | Place    | Note
-------+----------+-------------------------------------------
     0 | D:1      | qw the Minotaur Berserker began the quest for the Orb.
     0 | D:1      | Reached XP level 1. HP: 19/19 MP: 0/0
     0 | D:1      | 0 ||| qw: Version: 0.1-a-119-g272c26d
     0 | D:1      | 0 ||| qw: Game counter: 10953
     0 | D:1      | 0 ||| qw: Always use a shield: true
     0 | D:1      | 0 ||| qw: Do Orc after D:15 true
     0 | D:1      | 0 ||| qw: Do second Lair branch before Depths: true
     0 | D:1      | 0 ||| qw: Lair rune preference: random
     0 | D:1      | 0 ||| qw: Plans: Normal
     0 | D:1      | 0 ||| PLANNING D:1-11
    23 | D:1      | 23 ||| Stepping ~*~*~tactically~*~*~ (stealth).
    24 | D:1      | 24 ||| Stepping ~*~*~tactically~*~*~ (stealth).
    30 | D:1      | 30 ||| Stepping ~*~*~tactically~*~*~ (stealth).
    40 | D:1      | 40 ||| Stepping ~*~*~tactically~*~*~ (stealth).
    43 | D:1      | Reached skill level 4 in Axes
    45 | D:1      | 45 ||| Stepping ~*~*~tactically~*~*~ (stealth).
   186 | D:1      | Reached XP level 2. HP: 26/26 MP: 1/1
   684 | D:1      | 684 ||| UPGRADING to +0 pair of boots.
   689 | D:1      | 689 ||| UPGRADING to +0 scale mail.
   699 | D:1      | 699 ||| DROPPING +0 animal skin.
   700 | D:1      | 700 ||| READING 2 scrolls labelled YCINUI KOIT.
   801 | D:1      | 801 ||| READING scroll labelled IFUREG ZAIFI.
   802 | D:1      | 802 ||| DROPPING scroll of silence.
   831 | D:2      | Reached skill level 5 in Axes
  1039 | D:2      | Reached XP level 3. HP: 31/31 MP: 2/2
  1133 | D:2      | 1133 ||| DROPPING +0 club.
  1348 | D:2      | 1348 ||| DROPPING ring of magical power.
  1349 | D:2      | 1349 ||| READING scroll labelled TAMEL ZABB.
  1432 | D:3      | Reached ** piety under Trog
  1439 | D:3      | Found a faded altar of an unknown god.
  1495 | D:3      | 1495 ||| Stepping ~*~*~tactically~*~*~ (stealth).
  1511 | D:3      | 1511 ||| Stepping ~*~*~tactically~*~*~ (stealth).
  1513 | D:3      | Noticed Jessica
  1514 | D:3      | 1514 ||| Stepping ~*~*~tactically~*~*~ (hiding).
  1520 | D:3      | Killed Jessica
  1521 | D:3      | Reached skill level 6 in Axes
  1521 | D:3      | Reached XP level 4. HP: 23/39 MP: 3/3
  1538 | D:3      | 1538 ||| Stepping ~*~*~tactically~*~*~ (stealth).
  2261 | D:3      | 2261 ||| READING 3 scrolls labelled AGROUNN QU VIE.
  2262 | D:3      | 2262 ||| READING scroll labelled MADOR EFOCE.
  2263 | D:3      | 2263 ||| READING 2 scrolls of identify.
  2263 | D:3      | 2263 ||| IDENTIFYING cyan potion
  2264 | D:3      | 2264 ||| DROPPING potion of attraction.
  2286 | D:4      | Noticed a sky beast
  2287 | D:4      | 2287 ||| PLANNING OSSUARY
  2290 | D:4      | 2290 ||| STAIRDANCE
  2303 | D:3      | Killed a sky beast
  2304 | D:3      | Reached skill level 7 in Axes
  2304 | D:3      | Reached XP level 5. HP: 16/45 MP: 4/4
  2495 | D:4      | HP: 9/45 [goblin/+2 dagger of electrocution (20)]
  2496 | D:4      | 2496 ||| INVOKING Berserk.
  2498 | D:4      | 2498 ||| STAIRDANCE
  2753 | D:4      | Found a sand-covered staircase.
  2754 | D:4      | 2754 ||| READING scroll labelled TOSKUE SUUSO.
  2755 | D:4      | 2755 ||| READING scroll labelled TUINWULIHU.
  2758 | D:4      | 2758 ||| FLEEEEING.
  2776 | D:4      | 2776 ||| FLEEEEING.
  2777 | D:4      | 2777 ||| FLEEEEING.
  2778 | D:4      | 2778 ||| FLEEEEING.
  2779 | D:4      | 2779 ||| FLEEEEING.
  2780 | D:4      | 2780 ||| FLEEEEING.
  2781 | D:4      | 2781 ||| FLEEEEING.
  2782 | D:4      | 2782 ||| FLEEEEING.
  2783 | D:4      | 2783 ||| FLEEEEING.
  2784 | D:4      | 2784 ||| FLEEEEING.
  2785 | D:4      | 2785 ||| FLEEEEING.
  2786 | D:4      | 2786 ||| FLEEEEING.
  2787 | D:4      | 2787 ||| FLEEEEING.
  2788 | D:4      | 2788 ||| FLEEEEING.
  2789 | D:4      | 2789 ||| FLEEEEING.
  2790 | D:4      | 2790 ||| FLEEEEING.
  2791 | D:4      | 2791 ||| FLEEEEING.
  2792 | D:4      | 2792 ||| FLEEEEING.
  2793 | D:4      | 2793 ||| FLEEEEING.
  2794 | D:4      | 2794 ||| FLEEEEING.
  2795 | D:4      | 2795 ||| FLEEEEING.
  2796 | D:4      | 2796 ||| STAIRDANCE
  2801 | D:4      | 2801 ||| STAIRDANCE
  2868 | Ossuary  | Entered an ossuary
  2868 | Ossuary  | Noticed a wraith
  2868 | Ossuary  | Noticed a wraith
  2868 | Ossuary  | Noticed a wraith
  3035 | Ossuary  | 3035 ||| Stepping ~*~*~tactically~*~*~ (stealth).
  3146 | Ossuary  | Noticed a wraith
  3159 | Ossuary  | 3159 ||| INVOKING Berserk.
  3161 | Ossuary  | Killed a wraith
  3162 | Ossuary  | Reached skill level 8 in Axes
  3162 | Ossuary  | Reached XP level 6. HP: 30/53 MP: 5/5
  3630 | Ossuary  | 3630 ||| UPGRADING to amulet of regeneration.
  3635 | Ossuary  | 3635 ||| UPGRADING to ring of resist corrosion.
  3636 | Ossuary  | 3636 ||| UPGRADING to ring of positive energy.
  3637 | Ossuary  | 3637 ||| READING scroll labelled MIPOQUW NIAWO.
  3638 | Ossuary  | 3638 ||| READING scroll labelled SULELI TYBOPTE.
  3642 | Ossuary  | 3642 ||| DRINKING 3 viscous orange potions.
  3683 | Ossuary  | 3683 ||| DRINKING 4 murky amethyst potions.
  3684 | Ossuary  | 3684 ||| READING 2 scrolls of identify.
  3684 | Ossuary  | 3684 ||| IDENTIFYING dark potion
  3685 | Ossuary  | 3685 ||| DROPPING 2 potions of lignification.
  3689 | D:4      | 3689 ||| PLANNING D:1-11
  3702 | D:4      | 3702 ||| INVOKING Berserk.
  3705 | D:4      | Reached skill level 9 in Axes
  3705 | D:4      | Reached XP level 7. HP: 41/60 MP: 6/6
  3942 | D:4      | Noticed Edmund
  3943 | D:4      | 3943 ||| Stepping ~*~*~tactically~*~*~ (stealth).
  3945 | D:4      | 3945 ||| Stepping ~*~*~tactically~*~*~ (hiding).
  3949 | D:4      | 3949 ||| INVOKING Berserk.
  3956 | D:4      | Killed Edmund
  3961 | D:4      | Noticed Natasha
  3972 | D:4      | Killed Natasha
  4138 | D:4      | 4138 ||| DROPPING +0 whip.
  4184 | D:4      | 4184 ||| INVOKING Berserk.
  4309 | D:4      | Identified the +3 ring mail of Lugonu's Reproof {-Tele
                  | Dex+4 Stlth+}
  4384 | D:4      | Noticed Natasha
  4386 | D:4      | 4386 ||| INVOKING Berserk.
  4389 | D:4      | Killed Natasha
  4390 | D:4      | Reached skill level 10 in Axes
  4409 | D:4      | 4409 ||| Stepping ~*~*~tactically~*~*~ (stealth).
  4546 | D:4      | 4546 ||| DROPPING +3 ring mail of Lugonu's Reproof {-Tele
                  | Dex+4 Stlth+}.
  4547 | D:4      | 4547 ||| UPGRADING to +0 chain mail.
  4557 | D:4      | 4557 ||| DROPPING +0 scale mail.
  4558 | D:4      | 4558 ||| READING scroll labelled KERIAHUMM.
  4559 | D:4      | 4559 ||| READING 2 scrolls of identify.
  4559 | D:4      | 4559 ||| IDENTIFYING murky dark potion
  4560 | D:4      | 4560 ||| DROPPING potion of flight.
  4583 | D:5      | Entered Level 5 of the Dungeon
  4594 | D:5      | 4594 ||| Stepping ~*~*~tactically~*~*~ (stealth).
  4595 | D:5      | 4595 ||| Stepping ~*~*~tactically~*~*~ (stealth).
  4597 | D:5      | 4597 ||| INVOKING Berserk.
  4740 | D:5      | Reached skill level 3 in Armour
  4750 | D:5      | Reached XP level 8. HP: 69/69 MP: 7/7
  4830 | D:5      | Reached skill level 6 in Fighting
  4833 | D:5      | 4833 ||| Stepping ~*~*~tactically~*~*~ (stealth).
  4854 | D:5      | 4854 ||| SWAPPING to +0 war axe.
  4860 | D:5      | 4860 ||| DRINKING 6 potions of curing.
  4860 | D:5      | 4860 ||| (to cure confusion)
  4864 | D:5      | 4864 ||| DRINKING 5 potions of curing.
  4864 | D:5      | 4864 ||| (to cure confusion)
  4872 | D:5      | Reached *** piety under Trog
  4882 | D:5      | 4882 ||| DROPPING +1 hand axe.
  4964 | D:5      | Reached skill level 11 in Axes
  5139 | D:5      | 5139 ||| UPGRADING to +2 hat.
  5144 | D:5      | 5144 ||| UPGRADING to +0 cloak.
  5149 | D:5      | 5149 ||| READING scroll labelled QADEPS KIADGHE.
  5150 | D:5      | 5150 ||| READING 4 scrolls of identify.
  5150 | D:5      | 5150 ||| IDENTIFYING red potion
  5151 | D:5      | 5151 ||| READING 3 scrolls of identify.
  5151 | D:5      | 5151 ||| IDENTIFYING silvery potion
  5152 | D:5      | 5152 ||| READING 2 scrolls of identify.
  5152 | D:5      | 5152 ||| IDENTIFYING black potion
  5153 | D:5      | 5153 ||| DROPPING potion of invisibility.
  5154 | D:5      | 5154 ||| DROPPING potion of brilliance.
  5155 | D:5      | 5155 ||| DROPPING potion of ambrosia.
  5242 | D:6      | Reached skill level 3 in Throwing
  5271 | D:6      | 5271 ||| READING scroll of enchant weapon.
  5271 | D:6      | 5271 ||| ENCHANTING +0 war axe.
  5339 | D:6      | 5339 ||| INVOKING Berserk.
  5615 | D:6      | 5615 ||| INVOKING Berserk.
  5617 | D:6      | Reached skill level 12 in Axes
  6038 | D:6      | 6038 ||| DROPPING amulet of the acrobat.
  6039 | D:6      | 6039 ||| READING scroll labelled MUK HAARIVENE.
  6040 | D:6      | 6040 ||| READING scroll labelled GEHEGOLAVO.
  6069 | D:7      | 6069 ||| Stepping ~*~*~tactically~*~*~ (hiding).
  6070 | D:7      | 6070 ||| Stepping ~*~*~tactically~*~*~ (hiding).
  6071 | D:7      | 6071 ||| Stepping ~*~*~tactically~*~*~ (hiding).
  6074 | D:7      | 6074 ||| INVOKING Berserk.
  6183 | D:7      | 6183 ||| Stepping ~*~*~tactically~*~*~ (stealth).
  6209 | D:7      | Found a runed translucent door.
  6210 | D:7      | Noticed Crazy Yiuf
  6212 | D:7      | 6212 ||| DROPPING +1 hammer of protection.
  6313 | D:7      | 6313 ||| READING scroll of enchant weapon.
  6313 | D:7      | 6313 ||| ENCHANTING +1 war axe.
  6374 | D:7      | 6374 ||| Stepping ~*~*~tactically~*~*~ (hiding).
  6376 | D:7      | 6376 ||| INVOKING Berserk.
  6428 | D:7      | Reached XP level 9. HP: 78/78 MP: 8/8
  6436 | D:7      | 6436 ||| Stepping ~*~*~tactically~*~*~ (stealth).
  6437 | D:7      | 6437 ||| Stepping ~*~*~tactically~*~*~ (stealth).
  6446 | D:7      | 6446 ||| Stepping ~*~*~tactically~*~*~ (stealth).
  6462 | D:7      | 6462 ||| Stepping ~*~*~tactically~*~*~ (stealth).
  6591 | D:7      | 6591 ||| Stepping ~*~*~tactically~*~*~ (stealth).
  6603 | D:7      | 6603 ||| Stepping ~*~*~tactically~*~*~ (hiding).
  6607 | D:7      | 6607 ||| INVOKING Berserk.
  6797 | D:7      | Found a staircase to the Ecumenical Temple.
  6891 | D:7      | 6891 ||| INVOKING Berserk.
  6999 | D:7      | Noticed a white ugly thing
  7013 | D:7      | 7013 ||| INVOKING Berserk.
  7014 | D:7      | Killed a white ugly thing
  7015 | D:7      | Reached skill level 13 in Axes
  7099 | D:7      | 7099 ||| UPGRADING to +0 ice dragon scales.
  7104 | D:7      | 7104 ||| DRINKING 5 potions of curing.
  7104 | D:7      | 7104 ||| (to cure confusion)
  7112 | D:7      | Reached skill level 3 in Dodging
  7119 | D:7      | 7119 ||| Stepping ~*~*~tactically~*~*~ (stealth).
  7120 | D:7      | 7120 ||| Stepping ~*~*~tactically~*~*~ (stealth).
  7137 | D:7      | 7137 ||| INVOKING Berserk.
  7181 | D:7      | 7181 ||| FLEEEEING.
  7182 | D:7      | 7182 ||| FLEEEEING.
  7183 | D:7      | 7183 ||| FLEEEEING.
  7220 | D:7      | 7220 ||| UPGRADING to +0 ice dragon scales.
  7430 | D:7      | 7430 ||| DRINKING 3 bubbling golden potions.
  7431 | D:7      | 7431 ||| READING 2 scrolls of identify.
  7431 | D:7      | 7431 ||| IDENTIFYING glowing coppery potion
  7432 | D:7      | 7432 ||| DROPPING 2 potions of degeneration.
  7480 | D:8      | 7480 ||| INVOKING Berserk.
  7487 | D:8      | Reached skill level 6 in Armour
  7493 | D:8      | 7493 ||| DRINKING 4 potions of curing.
  7493 | D:8      | 7493 ||| (to cure confusion)
  7497 | D:8      | 7497 ||| FLEEEEING.
  7498 | D:8      | 7498 ||| FLEEEEING.
  7499 | D:8      | 7499 ||| STAIRDANCE
  7722 | D:8      | Reached XP level 10. HP: 88/88 MP: 9/9
  7780 | D:8      | 7780 ||| Stepping ~*~*~tactically~*~*~ (hiding).
  7783 | D:8      | 7783 ||| INVOKING Berserk.
  7787 | D:8      | Reached skill level 14 in Axes
  7940 | D:8      | Found a flagged portal.
  8032 | D:8      | Noticed an elephant
  8046 | D:8      | Killed an elephant
  8050 | D:8      | 8050 ||| INVOKING Berserk.
  8127 | D:8      | 8127 ||| Stepping ~*~*~tactically~*~*~ (stealth).
  8153 | D:8      | 8153 ||| Stepping ~*~*~tactically~*~*~ (stealth).
  8160 | D:8      | Found a staircase to the Lair.
  8211 | D:8      | 8211 ||| Stepping ~*~*~tactically~*~*~ (stealth).
  8585 | D:8      | 8585 ||| PLANNING LAIR
  8629 | D:8      | Reached skill level 15 in Axes
  8631 | Lair:1   | Entered Level 1 of the Lair of Beasts
  8650 | Lair:1   | Reached skill level 9 in Fighting
  8662 | Lair:1   | 8662 ||| Stepping ~*~*~tactically~*~*~ (stealth).
  8823 | Lair:1   | 8823 ||| INVOKING Berserk.
  8829 | Lair:1   | Reached **** piety under Trog
  8986 | Lair:1   | Noticed a cane toad
  8989 | Lair:1   | 8989 ||| INVOKING Berserk.
  8992 | Lair:1   | Killed a cane toad
  9244 | Lair:1   | 9244 ||| INVOKING Berserk.
  9251 | Lair:1   | Reached skill level 16 in Axes
  9269 | Lair:1   | Reached XP level 11. HP: 93/97 MP: 10/10
  9402 | Lair:1   | 9402 ||| Stepping ~*~*~tactically~*~*~ (stealth).
  9418 | Lair:1   | 9418 ||| INVOKING Berserk.
  9590 | Lair:1   | 9590 ||| Stepping ~*~*~tactically~*~*~ (stealth).
  9781 | Lair:1   | 9781 ||| INVOKING Berserk.
  9952 | Lair:2   | 9952 ||| STAIRDANCE
  9986 | Lair:2   | Noticed a four-headed hydra
  9987 | Lair:2   | 9987 ||| INVOKING Brothers in Arms.
  9988 | Lair:2   | 9988 ||| INVOKING Brothers in Arms.
  9989 | Lair:2   | 9989 ||| Stepping ~*~*~tactically~*~*~ (stealth).
  9990 | Lair:2   | 9990 ||| INVOKING Brothers in Arms.
  9991 | Lair:2   | 9991 ||| SWAPPING to +0 flail.
  9992 | Lair:2   | 9992 ||| INVOKING Berserk.
  9994 | Lair:2   | Killed a four-headed hydra
 10001 | Lair:2   | 10001 ||| SWAPPING to +2 war axe.
 10052 | Lair:2   | 10052 ||| Stepping ~*~*~tactically~*~*~ (stealth).
 10078 | Lair:2   | Reached skill level 9 in Armour
 10141 | Lair:2   | 10141 ||| Stepping ~*~*~tactically~*~*~ (hiding).
 10162 | Lair:2   | 10162 ||| INVOKING Berserk.
 10186 | Lair:2   | Reached skill level 12 in Fighting
 10186 | Lair:2   | 10186 ||| Stepping ~*~*~tactically~*~*~ (hiding).
 10197 | Lair:2   | HP: 15/104 [steam dragon/ball of steam (13)]
 10198 | Lair:2   | 10198 ||| READING scroll of teleportation.
 10201 | Lair:2   | HP: 7/104 [killer bee (4)]
 10204 | Lair:2   | HP: 3/104 [black mamba (4)]
 10205 | Lair:2   | Succumbed to a black mamba's poison

Levels and vault maps discovered:
D:1:      lemuel_arrival_hallway, layout_basic, hex_tiny,
          kennysheep_pointless_box
D:2:      layout_loops_ring
D:3:      layout_loops_cross, ebering_ecumenical_altar_webs,
          kennysheep_nondescript, minmay_misc_feat_alley, uniq_jessica
D:4:      minmay_recursive_quarters, layout_basic, enter_ossuary_3,
          kennysheep_flooded_box, uniq_natasha, uniq_edmund
D:5:      layout_rooms
D:6:      layout_loops_ring, roderic_serpentine_path
D:7:      minmay_chambers_of_sixes, layout_loops_ring,
          minmay_temple_entry_enclosed_plants, minivault_23,
          hangedman_abyss_or_decor_stabs, kennysheep_small_spiral,
          uniq_crazy_yiuf_cottage
D:8:      layout_cave_pools, david_lair_generic, enter_bailey_8,
          lemuel_flame_loot_1
Lair:1:   layout_gridlike, serial_forest, infiniplex_forest_lined_3_way,
          infiniplex_forest_clump_double, infiniplex_forest_clump_small,
          infiniplex_forest_straight_4, infiniplex_forest_clump_medium,
          infiniplex_forest_end_2, infiniplex_forest_straight_3,
          chequers_serial_rivers_marsh, grunt_megastairs_5
Lair:2:   regret_index_tunnel_blossom, layout_gridlike,
          guppyfry_snake_entry_island, gammafunk_ghost_hydra_chop

Skill      XL: |  1  2  3  4  5  6  7  8  9 10 11 |
---------------+----------------------------------+-----
Axes           | 4 5 6 7 8 9 10 12 13 16 | 16.0
Fighting       | 4 5 6 8 9 12 | 12.1
Throwing       | 2 3 4 5 |  5.0
Armour         | 3 4 6 7 9 |  9.7
Dodging        | 3 5 |  5.0

Action                   |  1- 3 |  4- 6 |  7- 9 | 10-12 || total
-------------------------+-------+-------+-------+-------++-------
Melee: Hand axe          |    56 |   117 |    81 |       ||   254
       Headbutt          |    10 |    16 |    35 |    46 ||   107
       Punch             |       |     1 |     2 |     8 ||    11
       War axe           |       |       |   114 |   232 ||   346
       Flail             |       |       |       |     5 ||     5
Throw: Javelin           |       |       |    52 |    52 ||   104
       Boomerang         |       |       |       |     9 ||     9
Invok: Berserk           |       |     3 |    13 |     9 ||    25
       Brothers in Arms  |       |       |       |     1 ||     1
  Use: Scroll            |     3 |     8 |    11 |     1 ||    23
       Potion            |       |     2 |     5 |       ||     7
 Stab: Distracted        |       |       |       |     1 ||     1
Armor: Animal skin       |     3 |       |       |       ||     3
       Scale mail        |     2 |    32 |    13 |       ||    47
       Chain mail        |       |       |    35 |       ||    35
       Ice dragon scales |       |       |    26 |   110 ||   136
       Skin              |       |       |     6 |       ||     6
Dodge: Dodged            |    25 |    41 |    74 |   104 ||   244

Table legend:
 A = Non-vault XP
 B = Vault XP
 C = Vault XP percentage of total XP
 D = Non-vault monster count
 E = Vault monster count
 F = Vault count percentage of total count
                 A         B        C        D         E       F
            +---------+---------+-------+---------+---------+-------
      Total |   14374 |    6141 |  29.9 |     169 |      66 |  28.1
            +---------+---------+-------+---------+---------+-------
        D:1 |      34 |       0 |   0.0 |      17 |       0 |   0.0
        D:2 |      26 |       0 |   0.0 |      10 |       0 |   0.0
        D:3 |     168 |      37 |  18.0 |      13 |       1 |   7.1
        D:4 |     343 |     289 |  45.7 |      13 |      13 |  50.0
        D:5 |     772 |       0 |   0.0 |      15 |       0 |   0.0
        D:6 |     630 |       0 |   0.0 |      10 |       0 |   0.0
        D:7 |    1097 |    1307 |  54.4 |      25 |       6 |  19.4
        D:8 |    1537 |    1001 |  39.4 |      23 |       4 |  14.8
     Lair:1 |    6725 |     425 |   5.9 |      32 |       1 |   3.0
     Lair:2 |    3042 |    2711 |  47.1 |      11 |      26 |  70.3
    Ossuary |       0 |     371 | 100.0 |       0 |      15 | 100.0
            +---------+---------+-------+---------+---------+-------
